 Dungeon Crawl Stone Soup version 0.27-a0-445-gbe96e517c0 (webtiles) character file.

Game seed: 14729607667037386426

408 Chiseanne the Skirmisher (level 6, -1/49 HPs)
             Began as a Demonspawn Wanderer on Feb 27, 2021.
             Was a Follower of Vehumet.
             Slain by an adder skeleton (3 damage)
             ... on level 4 of the Dungeon.
             The game lasted 00:05:02 (4761 turns).

Chiseanne the Skirmisher (Demonspawn Wanderer)      Turns: 4761, Time: 00:05:03

Health: -1/49      AC:  4    Str: 11    XL:     6   Next: 57%
Magic:  9/9        EV: 13    Int: 17    God:    Vehumet [*.....]
Gold:   274        SH:  0    Dex: 14    Spells: 9/9 levels left

rFire    . . .     SeeInvis .   a - +2 dagger (venom)
rCold    . . .     Faith    .   (no shield)
rNeg     . . .     Spirit   .   u - +0 leather armour
rPois    .         Reflect  .   (no helmet)
rElec    .         Harm     .   v - scarf {shadows}
rCorr    .         Rampage  .   (no gloves)
Will     .....                  r - +0 pair of boots
Stlth    +++.......             (no amulet)
HPRegen  0.16/turn              (no ring)
MPRegen  0.11/turn              (no ring)

@: no status effects
A: claws 1, thin skeletal structure 1, spiny 1
a: Renounce Religion


You were on level 4 of the Dungeon.
You worshipped Vehumet.
Vehumet was aware of your devotion.
You visited 1 branch of the dungeon, and saw 4 of its levels.

You collected 274 gold pieces.

Inventory:

Hand Weapons
 a - a +2 dagger of venom (weapon)
 c - a +0 quarterstaff
 o - a +4 dagger
 z - the +12 Vampire's Tooth {vamp}
   (You found it on level 4 of the Dungeon)

   It inflicts no extra harm, but heals its wielder when it wounds a living foe.
Missiles
 f - 87 stones (quivered)
 i - 71 bolts
 l - 35 arrows
 p - a throwing net
 s - 19 sling bullets
Armour
 n - a +0 cloak
 r - a +0 pair of boots (worn)
 u - a +0 leather armour (worn)
 v - a scarf of shadows (worn)
Wands
 y - a wand of random effects (13)
Scrolls
 d - 4 scrolls of teleportation
 e - a scroll of amnesia {unknown}
 h - a scroll of fog {unknown}
 k - 2 scrolls of magic mapping {unknown}
 m - 5 scrolls of identify {unknown}
 w - a scroll of fear {unknown}
 x - a scroll of random uselessness {unknown}
Potions
 b - 3 potions of heal wounds
 g - a potion of flight {unknown}
 j - a potion of curing {unknown}
 q - a potion of lignification {unknown}
 t - 3 potions of might {unknown}
 A - a potion of mutation {unknown}


   Skills:
 * Level 4.4 Fighting
 - Level 1.0 Long Blades
 - Level 1.0 Throwing
 * Level 3.7 Dodging
 * Level 4.0 Stealth
 - Level 2.0 Spellcasting
 - Level 1.0 Earth Magic


You had 9 spell levels left.
You didn't know any spells.
Your spell library was empty.

Dungeon Overview and Level Annotations

Branches:
Dungeon (4/15)
 Temple: D:4-7

Altars:
Elyvilon
Vehumet


Innate Abilities, Weirdness & Mutations

You have sharp fingernails.
You have a somewhat thin skeletal structure. (Dex +2, Stealth)
You are partially covered in sharp spines.


Message History

You are too injured to fight recklessly!
You are too injured to fight recklessly!
You are too injured to fight recklessly!
You are too injured to fight recklessly!
You are too injured to fight recklessly!
You are too injured to fight recklessly!
You are too injured to fight recklessly!
You are too injured to fight recklessly!
You are too injured to fight recklessly!
You are too injured to fight recklessly!
You are too injured to fight recklessly!
You are too injured to fight recklessly!
You are too injured to fight recklessly!
You are too injured to fight recklessly!
The centaur shoots an arrow.
The arrow hits you!
The centaur shoots an arrow.
The arrow hits you!
* * * LOW HITPOINT WARNING * * *
The centaur unwields a +0 shortbow.
The centaur is struck by your spines. The centaur hits you.
* * * LOW HITPOINT WARNING * * *
You hit the centaur.
The centaur is poisoned.
The centaur is heavily wounded.
The centaur barely misses you.
The adder skeleton is struck by your spines.
The adder skeleton misses you.
You hit the centaur.
The centaur is severely wounded.
The centaur hits you.
* * * LOW HITPOINT WARNING * * *
The adder skeleton misses you.
The centaur hits you but does no damage.
You hit the centaur but do no damage.
The centaur looks as sick as possible!
The centaur is almost dead.
You kill the centaur!
Vehumet accepts your kill.
You can now gain magical power from killing.
Vehumet offers you knowledge of Sandblast.
The adder skeleton is struck by your spines.
The adder skeleton bites you.
You die...

...## #....## ##..#
##..## # .###
#.....###..## #..##
#..## #.........##
#..# ##..##
#..###....# ###..##
##..#
#..###.....##.....#
#..#
#..##......#......##
##..#
#...#..###.........#
##...# ##.....#
##.......## ..)###
##..@.# #.......##
..## ###Z)#
#.......# ..# #....
#......# ..#
#.......####.## ..#
..##.... ##.## .##
>## .... ##.## ## #
... #..## ##... ##..


You could see an adder skeleton.

Vanquished Creatures
  2 ogres (D:4)
  A centaur (D:4)
  2 hounds (D:4)
  3 gnolls (D:4)
  8 adders
  A worm (D:3)
  3 dart slugs
  5 leopard geckos
  An orc (D:3)
  2 ball pythons
  8 bats
  A giant cockroach (D:2)
  6 goblins
  8 hobgoblins
  6 quokkas
  8 frilled lizards
  5 kobolds
  8 rats
78 creatures vanquished.

Notes
Turn   | Place    | Note
-------+----------+-------------------------------------------
     0 | D:1      | Chiseanne the Demonspawn Wanderer began the quest for the
                  | Orb.
     0 | D:1      | Chiseanne set off with the following items: a +2 dagger, a
                  | potion of heal wounds, a +0 quarterstaff, a scroll of
                  | teleportation, a +0 robe
     0 | D:1      | Reached XP level 1. HP: 16/16 MP: 3/3
   297 | D:1      | Gained mutation: You have a somewhat thin skeletal
                  | structure. (Dex +2, Stealth) [demonic ancestry]
   297 | D:1      | Reached XP level 2. HP: 22/23 MP: 5/5
  1577 | D:2      | Reached XP level 3. HP: 28/28 MP: 6/6
  2272 | D:2      | Found a white marble altar of Elyvilon.
  2996 | D:3      | Reached XP level 4. HP: 35/35 MP: 7/7
  3021 | D:3      | Found a radiant altar of Vehumet.
  3030 | D:3      | Became a worshipper of Vehumet
  3923 | D:4      | Noticed an ogre
  3935 | D:4      | Killed an ogre
  3936 | D:4      | Gained mutation: You have sharp fingernails. [demonic
                  | ancestry]
  3936 | D:4      | Reached XP level 5. HP: 24/42 MP: 8/8
  4136 | D:4      | Noticed an ogre
  4147 | D:4      | Killed an ogre
  4148 | D:4      | Gained mutation: You are partially covered in sharp spines.
                  | [demonic ancestry]
  4148 | D:4      | Reached XP level 6. HP: 48/48 MP: 9/9
  4598 | D:4      | Found the +12 Vampire's Tooth {vamp}
  4760 | D:4      | HP: 2/49 [centaur (3)]
  4761 | D:4      | Reached * piety under Vehumet
  4761 | D:4      | Offered knowledge of Sandblast by Vehumet.
  4761 | D:4      | Slain by an adder skeleton

Illustrated notes

Levels and vault maps discovered:
D:1:      erik_arrival_orb_chamber, layout_loops_ring, palyth_stone_intersect
D:2:      layout_basic, elyvilon_altar_3, serial_curves, eino_curves_02,
          eino_curves_01
D:3:      layout_basic, marbit_many_paths
D:4:      layout_layer_cave, enter_ossuary_5

Skill      XL: |  1  2  3  4  5  6 |
---------------+-------------------+-----
Stealth        | 2 3 4 |  4.0
Dodging        | 2 3 |  3.7
Fighting       | 3 4 |  4.4
Long Blades    | |  1.0
Throwing       | |  1.0
Spellcasting   | |  2.0
Earth Magic    | |  1.0

Action                   |  1- 3 |  4- 6 || total
-------------------------+-------+-------++-------
Melee: Dagger            |   150 |    92 ||   242
  Use: Potion            |     1 |       ||     1
 Stab: Sleeping          |     5 |    11 ||    16
       Distracted        |     1 |     1 ||     2
Armor: Robe              |    26 |       ||    26
       Leather armour    |       |    12 ||    12
Dodge: Dodged            |    92 |    61 ||   153

Table legend: (Time is in decaauts)
 A = Elapsed time spent in this place.
 B = Non-inter-level travel time spent in this place.
 C = Inter-level travel time spent in this place.
 D = Time resting spent in this place.
 E = Time spent auto-exploring this place.
 F = Levels seen in this place.
 G = Mean time per level.
                   A        B        C        D        E       F      G
               +--------+--------+--------+--------+--------+-----+--------+
         Total |   4756 |   4682 |     74 |    909 |   3065 |   4 | 1189.0 |
       Dungeon |   4756 |   4682 |     74 |    909 |   3065 |   4 | 1189.0 |
               +--------+--------+--------+--------+--------+-----+--------+

Top non-repeatable levels by time:
     D:2: 1522 daAuts
     D:1: 1452 daAuts
     D:3: 936 daAuts
     D:4: 844 daAuts
